 Dungeon Crawl Stone Soup version 0.30-a0-4-ga7cffc901d (webtiles) character file.

Game seed: 13942769407510894452

41 Spectrina the Magician (level 3, 0/27 HPs)
             Began as a Djinni Venom Mage on Aug 21, 2022.
             Slain by a ball python (2 damage)
             ... on level 2 of the Dungeon.
             The game lasted 00:08:25 (851 turns).

Spectrina the Magician (Djinni Venom Mage)           Turns: 851, Time: 00:08:25

Health: 0/27       AC:  2    Str:  7    XL:     3   Next: 75%
Gold:   16         EV: 12    Int: 18    God:
                   SH:  0    Dex: 13

rFire   + + .      SeeInvis .    d - +0 dagger (venom)
rCold   x . .      Faith    .    (no shield)
rNeg    . . .      Spirit   .    a - +0 robe
rPois   ∞          Reflect  .    (no helmet)
rElec   .          Harm     .    (no cloak)
rCorr   .          Rampage  .    (no gloves)
Will    .....                    (boots unavailable)
Stlth   ++........               (no amulet)
HPRegen 0.09/turn                (no ring)
MPRegen 0.00/turn                (no ring)

@: flying, very slightly contaminated
A: sickness immunity, fire resistance 2, cold vulnerability 1, float, innate
caster, HP casting, extra vitality 1
a: no special abilities


You were on level 2 of the Dungeon.
You visited 1 branch of the dungeon, and saw 3 of its levels.

You collected 40 gold pieces.
You spent 24 gold pieces at shops.

Inventory:

Hand Weapons
 d - a +0 dagger of venom (weapon)
Armour
 a - a +0 robe (worn)
Scrolls
 c - a scroll of brand weapon {unknown}
 f - a scroll of teleportation {unknown}
 g - a scroll of identify {unknown}
Potions
 b - a potion of haste {unknown}
 e - 2 potions of curing {unknown}
 h - a potion of cancellation {unknown}


   Skills:
 + Level 1.0 Fighting
 + Level 2.6 Dodging
 + Level 1.9 Stealth
 * Level 2.8 Spellcasting
 + Level 1.0 Invocations


You couldn't memorise any spells.
You knew the following spells:

 Your Spells              Type           Power      Damage    Failure   Level
a - Sting                 Tmut/Pois      48%        1d5       5%          1
b - Poisonous Vapours     Pois/Air       24%        N/A       8%          2
c - Mephitic Cloud        Conj/Pois/Air  12%        N/A       16%         3
p - Summon Small Mammal   Summ           48%        N/A       5%          1
w - Olgreb's Toxic Radia  Pois           12%        N/A       45%         4
Your spell library was empty.

Dungeon Overview and Level Annotations

Branches:
Dungeon (3/15)

Altars:

Shops:
D:1 *


Innate Abilities, Weirdness & Mutations

You are immune to sickness and miasma.
You are immune to poison.
Your flesh is very heat resistant. (rF++)
You are vulnerable to cold. (rC-)
You float through the air rather than walking.
You learn spells naturally, not from books.
Your magical power is your life essence.
You have superior vitality. (+4 MHP)


Message History

The ball python hisses angrily.
You see here a frilled lizard corpse.
Unknown command.
Casting: Summon Small Mammal (safe; 5% risk of failure)
Confirm with . or Enter, or press ? or * to list all spells.
The kobold shouts!
* * * LOW HITPOINT WARNING * * *
Unknown command.
You swap places.
Unknown command.
Casting: Summon Small Mammal (safe; 5% risk of failure)
Confirm with . or Enter, or press ? or * to list all spells.
* * * LOW HITPOINT WARNING * * *
The ball python bites your rat.
Your rat dies!
Your rat's corpse disappears in a puff of smoke!
You swap places.
The ball python closely misses your rat.
The ball python grabs your rat. The ball python constricts your rat.
Your rat barely misses the ball python.
The ball python bites your rat. The ball python constricts your rat.
Your rat dies!
Your rat's corpse disappears in a puff of smoke!
Casting: Summon Small Mammal (safe; 5% risk of failure)
Confirm with . or Enter, or press ? or * to list all spells.
You miscast Summon Small Mammal.
You are very lightly contaminated with residual magic.
Nothing appears to happen.
* * * LOW HITPOINT WARNING * * *
The ball python bites you but does no damage.
The ball python barely misses you.
You closely miss the ball python. The ball python barely misses you.
The ball python closely misses you.
You hit the ball python.
The ball python is poisoned.
The ball python is severely wounded.
The ball python bites you.
* * * LOW HITPOINT WARNING * * *
The ball python misses you. The ball python bites you.
You die...

#.###.# ..
######.....# ...
#.........## .K..
#.........# .....
#.........#
#####......
#.........#
#..§.......
#.........#
#.##.......
#.........####.#
.......
#......<@.##...#
.######
#........S##.### ..
#............# ##
#.........#########
########.###......#
#.###.####.#
#.....##÷..#
#####.##.#######
####.......#


You could see a ball python (very poisoned).

Vanquished Creatures
  A worm (D:2)
  An endoplasm (D:2)
  A giant cockroach (D:1)
  3 goblins (D:1)
  4 hobgoblins
  2 quokkas (D:1)
  3 bats (D:1)
  5 frilled lizards
  4 kobolds
  3 rats
27 creatures vanquished.

Vanquished Creatures (collateral kills)
  5 endoplasms (D:2)
  4 kobolds (D:2)
9 creatures vanquished.

Vanquished Creatures (others)
  13 toadstools (D:2)
13 creatures vanquished.

Grand Total: 49 creatures vanquished

Notes
Turn   | Place    | Note
-------+----------+-------------------------------------------
     0 | D:1      | Spectrina the Djinni Venom Mage began the quest for the
                  | Orb.
     0 | D:1      | Spectrina set off with the following spells memorised:
                  | Sting, Poisonous Vapours, Mephitic Cloud, Olgreb's Toxic
                  | Radiance.
     0 | D:1      | Reached XP level 1. HP: 15/15 MP: 0/0
    43 | D:1      | Reached XP level 2. HP: 4/22 MP: 0/0
   137 | D:1      | Found Naxuon's Assorted Antiques.
   155 | D:1      | Bought a cyan potion for 24 gold pieces
   365 | D:2      | Reached XP level 3. HP: 2/26 MP: 0/0
   365 | D:2      | Learned a level 1 spell: Summon Small Mammal
   387 | D:2      | HP: 1/26 [rat (2)]
   699 | D:2      | Reached skill level 1 in Invocations
   752 | D:2      | Reached skill level 1 in Fighting
   851 | D:2      | Slain by a ball python

Illustrated notes

Levels and vault maps discovered:
D:1:      scummos_arrival_simple_fountains, layout_loops_cross, serial_shops,
          nicolae_shop_overgrown_old_shop, chequers_serial_rivers_marsh,
          chequers_avenue, kennysheep_crisscross, minmay_parallelograms
D:2:      cheibrodos_fertilizer, layout_basic,
          hellmonk_ecumenical_altar_dog_temple, basic_altar,
          minmay_splitting_lines
D:3:      layout_rooms, lemuel_doored_altar,
          nicolae_overflow_hallway_of_the_gods, uniq_sigmund

Skill      XL: |  1  2  3 |
---------------+----------+-----
Invocations    | 1 |  1.0
Fighting       | 1 |  1.0
Dodging        | |  2.6
Stealth        | |  1.9
Spellcasting   | |  2.8

Action                   || total
-------------------------++-------
Melee: Unarmed           ||     7
       Dagger            ||    17
 Cast: Sting             ||    36
       Summon Small Mamm ||    15
  Use: Potion            ||     1
 Stab: Sleeping          ||     1
Armor: Robe              ||     9
       Skin              ||     3
Dodge: Dodged            ||    23

Table legend: (Time is in decaauts)
 A = Elapsed time spent in this place.
 B = Non-inter-level travel time spent in this place.
 C = Inter-level travel time spent in this place.
 D = Time resting spent in this place.
 E = Time spent auto-exploring this place.
 F = Levels seen in this place.
 G = Mean time per level.
                   A        B        C        D        E       F      G
               +--------+--------+--------+--------+--------+-----+--------+
         Total |    849 |    808 |     41 |     20 |      0 |   3 |  283.0 |
       Dungeon |    849 |    808 |     41 |     20 |      0 |   3 |  283.0 |
               +--------+--------+--------+--------+--------+-----+--------+

Top non-repeatable levels by time:
     D:2: 516 daAuts
     D:1: 327 daAuts
     D:3: 5 daAuts
